 Dungeon Crawl Stone Soup version 0.32-a0-872-g59262bdc9b (webtiles) character file.

Game seed: 5541275038569665593

625 601d51SH the Ruffian (level 7, -3/53 HPs)
             Began as a Gnoll Shapeshifter on Mar 31, 2024.
             Slain by Sigmund
             ... wielding a +5 scythe of protection
              (15 damage)
             ... on level 5 of the Dungeon.
             The game lasted 00:07:40 (3387 turns).

601d51SH the Ruffian (Gnoll Shapeshifter)           Turns: 3387, Time: 00:07:40

Health: -3/53      AC:  6    Str: 15    XL:     7   Next: 47%
Magic:  10/10      EV: 10    Int:  9    God:
Gold:   160        SH:  5    Dex: 12    Spells: 11/11 levels left

rFire   . . .        A - +2 falchion (drain)
rCold   . . .        (no shield)
rNeg    . . .        k - +0 scale mail
rPois   .            (helmet currently unavailable)
rElec   .            (cloak currently unavailable)
rCorr   .            (gloves currently unavailable)
SInv    .            (boots currently unavailable)
Will    .....        p - amulet of reflection
Stlth   +            t - ring of flight
HPRegen 0.28/turn    (no ring)
MPRegen 0.12/turn

%: reflection
@: beast-form, flying
A: beast (slay +4), fangs 1, strong nose, distributed training
a: Begin Untransformation


You were on level 5 of the Dungeon.
You were a hulking beast.
You visited 1 branch of the dungeon, and saw 5 of its levels.

You collected 160 gold pieces.

Inventory:

Hand Weapons
 f - a +2 dagger of freezing
 r - a +1 short sword of freezing
 A - a +2 falchion of draining (weapon)
Missiles
 j - 2 curare-tipped darts
 x - 6 boomerangs (quivered)
Armour
 a - a +0 animal skin
 g - a +0 leather armour
 k - a +0 scale mail (worn)
 w - a +0 pair of gloves of hurling
 y - a +0 helmet
Magical Staves
 v - a staff of alchemy
 B - a staff of air
Jewellery
 p - an amulet of reflection (around neck)
 t - a ring of flight (left hand)
Talismans
 c - a beast talisman (active)
 d - a flux talisman
 u - a beast talisman (active)
Wands
 D - a wand of iceblast (10)
Scrolls
 e - 2 scrolls of teleportation {unknown}
 h - 2 scrolls of identify {unknown}
 i - a scroll of immolation {unknown}
 q - 2 scrolls of fear {unknown}
 s - a scroll of silence {unknown}
Potions
 b - a potion of lignification
 l - 2 potions of curing {unknown}
 m - a potion of ambrosia {unknown}
 n - a potion of invisibility {unknown}
 o - a potion of enlightenment {unknown}
 z - a potion of resistance {unknown}
 C - a potion of degeneration {unknown}


   Skills:
 + Level 3.7 Fighting
 + Level 2.6 Short Blades
 + Level 2.6 Long Blades
 + Level 2.6 Axes
 + Level 2.6 Maces & Flails
 + Level 2.6 Polearms
 + Level 2.6 Staves
 + Level 2.6 Ranged Weapons
 + Level 2.6 Throwing
 + Level 2.6 Armour
 + Level 5.3 Dodging
 + Level 2.6 Stealth
 + Level 2.6 Shields
 + Level 7.1 Unarmed Combat
 + Level 2.6 Spellcasting
 + Level 2.1 Conjurations
 + Level 2.1 Hexes
 + Level 2.1 Summonings
 + Level 2.1 Necromancy
 + Level 2.1 Translocations
 + Level 2.1 Fire Magic
 + Level 2.1 Ice Magic
 + Level 2.1 Air Magic
 + Level 2.1 Earth Magic
 + Level 2.1 Alchemy
 + Level 2.9 Invocations
 + Level 2.6 Evocations
 + Level 7.0 Shapeshifting


You had 11 spell levels left.
You didn't know any spells.
Your spell library contained the following spells:

 Spells                   Type           Power      Damage    Failure   Level
 Summon Ice Beast         Ice/Summ       5%         N/A       83%         3
 Summon Mana Viper        Hex/Summ       5%         N/A       100%        5
 Monstrous Menagerie      Summ           2%         N/A       100%        7


Dungeon Overview and Level Annotations

Branches:
Dungeon (5/15)             Temple (0/1) D:4

Altars:
Zin

Shops:
D:2 [

Annotations:
D:5 Sigmund


Innate Abilities, Weirdness & Mutations

You are a hulking beast.
Your limbs bulge with bestial killing power. (Slay +4)
You have very sharp teeth.
Your uncanny sense of smell can sniff out nearby items.
Your experience applies equally to all skills.


Message History

You kill the hound!
Sigmund points at you and mumbles some strange words.
You resist with some effort. You block Sigmund's attack.
You see here a hound corpse.
You hit Sigmund but do no damage. You drain Sigmund.
Sigmund is lightly wounded.
Sigmund hits you with a +5 scythe of protection!
You closely miss Sigmund.
Sigmund is lightly wounded.
Sigmund hits you with a +5 scythe of protection!
You are too injured to fight recklessly!
You are too injured to fight recklessly!
You are too injured to fight recklessly!
You are too injured to fight recklessly!
You are too injured to fight recklessly!
You are too injured to fight recklessly!
You are too injured to fight recklessly!
You closely miss Sigmund.
Sigmund is lightly wounded.
Sigmund hits you with a +5 scythe of protection.
You hit Sigmund.
Sigmund is moderately wounded.
You slash Sigmund!
Sigmund is severely wounded.
Sigmund hits you with a +5 scythe of protection.
You closely miss Sigmund.
Sigmund is severely wounded.
Sigmund casts a spell at you. You resist with some effort.
You closely miss Sigmund. Your bite misses Sigmund.
Sigmund is severely wounded.
Sigmund hits you with a +5 scythe of protection!
* * * LOW HITPOINT WARNING * * *
You closely miss Sigmund. Your bite misses Sigmund.
Sigmund is severely wounded.
Sigmund mumbles some strange words.
Sigmund flickers and vanishes!
Deactivating autopickup; reactivate with Ctrl-A.
You closely miss something. Your bite misses something. Something hits you!
You die...

#..##.............#
#
#...#...######....
# ##......#.#
#..... # ###......#
.........
#####.......# ...#
##.....$.....<.
....
##........##.#...
...
#.......†.#......
..
..#.#..†h....##..
.#.....#.{......
##....##.......
...... .......
....... .......
....#.. ....#..
....### ....# .
....#


There were no monsters in sight!

Vanquished Creatures
  Eustachio (D:4)
  A scorpion (D:5)
  4 hounds (D:5)
  Jessica (D:3)
  Natasha (thrice) (D:3)
  2 iguanas (D:5)
  Robin (D:4)
  8 adders
  2 dart slugs
  4 orcs (D:4)
  5 ball pythons
  3 bats
  3 endoplasms
  7 giant cockroaches
  9 goblins
  5 hobgoblins
  5 quokkas
  3 frilled lizards
  13 kobolds
  A rat (D:3)
81 creatures vanquished.

Notes
Turn   | Place    | Note
-------+----------+-------------------------------------------
     0 | D:1      | 601d51SH the Gnoll Shapeshifter began the quest for the
                  | Orb.
     0 | D:1      | Reached XP level 1. HP: 17/17 MP: 1/1
   185 | D:1      | Reached XP level 2. HP: 12/23 MP: 2/2
   853 | D:1      | Found a faded altar of an unknown god.
  1122 | D:2      | Reached XP level 3. HP: 28/28 MP: 3/3
  1290 | D:2      | Found Toixorch's Armour Emporium.
  1515 | D:3      | Reached skill level 1 in Invocations
  1598 | D:3      | Reached skill level 1 in Short Blades
  1598 | D:3      | Reached skill level 1 in Long Blades
  1598 | D:3      | Reached skill level 1 in Axes
  1598 | D:3      | Reached skill level 1 in Maces & Flails
  1598 | D:3      | Reached skill level 1 in Polearms
  1598 | D:3      | Reached skill level 1 in Staves
  1598 | D:3      | Reached skill level 1 in Ranged Weapons
  1598 | D:3      | Reached skill level 1 in Throwing
  1598 | D:3      | Reached skill level 1 in Armour
  1598 | D:3      | Reached skill level 1 in Stealth
  1598 | D:3      | Reached skill level 1 in Shields
  1598 | D:3      | Reached skill level 1 in Spellcasting
  1598 | D:3      | Reached skill level 1 in Evocations
  1683 | D:3      | Noticed Natasha
  1684 | D:3      | Noticed Jessica
  1692 | D:3      | Killed Natasha
  1693 | D:3      | Reached skill level 1 in Conjurations
  1693 | D:3      | Reached skill level 1 in Hexes
  1693 | D:3      | Reached skill level 1 in Summonings
  1693 | D:3      | Reached skill level 1 in Necromancy
  1693 | D:3      | Reached skill level 1 in Translocations
  1693 | D:3      | Reached skill level 1 in Fire Magic
  1693 | D:3      | Reached skill level 1 in Ice Magic
  1693 | D:3      | Reached skill level 1 in Air Magic
  1693 | D:3      | Reached skill level 1 in Earth Magic
  1693 | D:3      | Reached skill level 1 in Alchemy
  1693 | D:3      | Reached XP level 4. HP: 19/34 MP: 5/5
  1705 | D:3      | Killed Jessica
  1707 | D:3      | Noticed Natasha
  1716 | D:3      | Killed Natasha
  1717 | D:3      | Reached XP level 5. HP: 23/40 MP: 5/7
  1954 | D:3      | Noticed Natasha
  1968 | D:3      | Killed Natasha
  2109 | D:3      | Found a glowing silver altar of Zin.
  2360 | D:4      | Found a staircase to the Ecumenical Temple.
  2401 | D:4      | Noticed Robin
  2422 | D:4      | Killed Robin
  2693 | D:4      | Noticed Eustachio
  2742 | D:4      | Killed Eustachio
  2743 | D:4      | Reached skill level 5 in Dodging
  2743 | D:4      | Reached XP level 6. HP: 11/47 MP: 7/9
  3153 | D:5      | Entered Level 5 of the Dungeon
  3216 | D:5      | Reached XP level 7. HP: 50/52 MP: 10/10
  3369 | D:5      | Noticed Sigmund
  3387 | D:5      | Slain by Sigmund

Illustrated notes

Levels and vault maps discovered:
D:1:      minmay_arrival_three_doors, layout_loops_corners,
          dreamdust_ecumenical_altar_hidden_monk_grotto
D:2:      layout_basic, serial_shops, shop, st_stairs_5,
          dreamdust_princess_corridor, nicolae_twisty_statue_hallways
D:3:      layout_rooms, zin_academy, uniq_jessica, uniq_natasha
D:4:      layout_loops_ring, temple_pool_b, saegor_snake_ambush, uniq_eustachio,
          uniq_robin
D:5:      layout_cave_pools, minmay_fractal_squares_gapless_5, uniq_sigmund

Skill      XL: |  1  2  3  4  5  6  7 |
---------------+----------------------+-----
Invocations    | 1 2 |  2.9
Short Blades   | 1 2 |  2.6
Long Blades    | 1 2 |  2.6
Axes           | 1 2 |  2.6
Maces & Flails | 1 2 |  2.6
Polearms       | 1 2 |  2.6
Staves         | 1 2 |  2.6
Ranged Weapons | 1 2 |  2.6
Throwing       | 1 2 |  2.6
Armour         | 1 2 |  2.6
Stealth        | 1 2 |  2.6
Shields        | 1 2 |  2.6
Spellcasting   | 1 2 |  2.6
Evocations     | 1 2 |  2.6
Conjurations   | 1 2 |  2.1
Hexes          | 1 2 |  2.1
Summonings     | 1 2 |  2.1
Necromancy     | 1 2 |  2.1
Translocations | 1 2 |  2.1
Fire Magic     | 1 2 |  2.1
Ice Magic      | 1 2 |  2.1
Air Magic      | 1 2 |  2.1
Earth Magic    | 1 2 |  2.1
Alchemy        | 1 2 |  2.1
Fighting       | 3 |  3.7
Dodging        | 5 |  5.3
Unarmed Combat | 7 |  7.1
Shapeshifting  | 7 |  7.0

Action                     |  1- 3 |  4- 6 |  7- 9 || total
---------------------------+-------+-------+-------++-------
  Melee: Unarmed           |    13 |       |       ||    13
         Dagger            |    76 |   132 |       ||   208
         Bite              |     5 |    14 |     1 ||    20
         Falchion          |       |    33 |    43 ||    76
    Use: Potion            |       |     1 |       ||     1
 Armour: Animal skin       |    10 |       |       ||    10
         Scale mail        |    32 |    86 |    22 ||   140
         Leather armour    |     6 |       |       ||     6
         Skin              |       |    44 |       ||    44
  Dodge: Dodged            |    48 |    55 |    21 ||   124
  Block: Other             |     3 |    37 |    13 ||    53
         Reflection        |       |     1 |       ||     1

Table legend: (Time is in decaauts)
 A = Elapsed time spent in this place.
 B = Non-inter-level travel time spent in this place.
 C = Inter-level travel time spent in this place.
 D = Time resting spent in this place.
 E = Time spent auto-exploring this place.
 F = Levels seen in this place.
 G = Mean time per level.
                   A        B        C        D        E       F      G
               +--------+--------+--------+--------+--------+-----+--------+
         Total |   3384 |   3232 |    152 |      0 |   2549 |   5 |  676.8 |
       Dungeon |   3384 |   3232 |    152 |      0 |   2549 |   5 |  676.8 |
               +--------+--------+--------+--------+--------+-----+--------+

Top non-repeatable levels by time:
     D:1: 967 daAuts
     D:4: 909 daAuts
     D:3: 745 daAuts
     D:2: 518 daAuts
     D:5: 243 daAuts
